 Dungeon Crawl Stone Soup version 0.28-a0-895-g6e5f11bd55 (webtiles) character file.

Game seed: 1898235495326786433

12637 timneilson the Blocker (level 11, 0/67 HPs)
             Began as a Gargoyle Fighter on Nov 22, 2021.
             Was a High Priest of Okawaru.
             Killed by divine providence
             ... invoked by a meliai
              (13 damage)
             ... on level 11 of the Dungeon.
             The game lasted 00:18:32 (13622 turns).

timneilson the Blocker (Gargoyle Fighter)          Turns: 13622, Time: 00:18:32

Health: 0/67       AC: 26    Str: 26    XL:     11   Next: 96%
Magic:  15/15      EV: 28    Int:  9    God:    Okawaru [*****.]
Gold:   1014       SH:  7    Dex: 13    Spells: 10/10 levels left

rFire   . . .      SeeInvis .   q - +8 long sword of Resourcefulness {freeze, rPois}
rCold   . . .      Faith    .   c - +1 buckler
rNeg    + + .      Spirit   .   a - +0 plate armour
rPois   ∞          Reflect  .   (no helmet)
rElec   +          Harm     .   m - +2 cloak
rCorr   .          Rampage  .   (no gloves)
Will    .....                   (no boots)
Stlth   ..........              z - amulet of the acrobat
HPRegen 0.21/turn               p - ring of Imibuh {rN+ Str+3 Dex+4}
MPRegen 0.14/turn               A - +4 ring of evasion

@: acrobatic
A: sickness immunity, AC +8, negative energy resistance 1, electricity
resistance, torment resistance 1, petrification resistance
a: Renounce Religion, Heroism, Finesse, Duel


You were on level 11 of the Dungeon.
You worshipped Okawaru.
Okawaru was extremely pleased with you.
You visited 2 branches of the dungeon, and saw 12 of its levels.
You also visited: Ossuary.

You collected 1374 gold pieces.
You spent 360 gold pieces at shops.

Inventory:

Hand Weapons
 q - the +8 long sword of Resourcefulness (weapon) {freeze, rPois}
   (You bought it in a shop on level 3 of the Dungeon)

   It freezes those it strikes, dealing additional cold damage.
   It can also slow down cold-blooded creatures.
   rPois:     It protects you from poison.
 t - a +5 long sword of holy wrath
 v - a +1 hand axe of flaming
Missiles
 E - a throwing net (quivered)
Armour
 a - a +0 plate armour (worn)
 c - a +1 buckler (worn)
 k - a +0 tower shield
 m - a +2 cloak (worn)
Jewellery
 b - a ring of ice
 o - a ring of positive energy
 p - the ring of Imibuh (left hand) {rN+ Str+3 Dex+4}
   (You found it on level 6 of the Dungeon)

   [ring of positive energy]

   Str:       It affects your strength (+3).
   Dex:       It affects your dexterity (+4).
   rN:        It protects you from negative energy.
 z - an amulet of the acrobat (around neck)
 A - a +4 ring of evasion (right hand)
Wands
 y - a wand of flame (31)
 F - a wand of digging (3)
Scrolls
 j - 5 scrolls of teleportation
 l - 2 scrolls of magic mapping
 r - 3 scrolls of enchant armour
 x - 2 scrolls of blinking
 B - 2 scrolls of amnesia
 D - a scroll of fear
Potions
 d - 5 potions of might
 e - 14 potions of curing
 f - a potion of resistance {unknown}
 g - 4 potions of cancellation
 h - a potion of magic {unknown}
 i - 2 potions of lignification {unknown}
 n - 2 potions of brilliance {unknown}
 s - 3 potions of haste
 u - a potion of attraction {unknown}
 w - 3 potions of flight
 C - a potion of invisibility {unknown}


   Skills:
 + Level 7.5 Fighting
 * Level 8.3 Long Blades
 * Level 10.3 Armour
 + Level 5.0 Dodging
 * Level 10.4 Shields
 + Level 5.5 Invocations
 + Level 3.5 Evocations


You had 10 spell levels left.
You didn't know any spells.
Your spell library contained the following spells:

 Spells                   Type           Power      Damage    Failure   Level
 Beastly Appendage        Tmut           0%         N/A       98%         1
 Shock                    Conj/Air       0%         1d3       98%         1
 Corpse Rot               Necr/Air       0%         N/A       99%         2
 Ensorcelled Hibernation  Hex/Ice        0%         N/A       99%         2
 Wereblood                Tmut           0%         N/A       99%         2
 Portal Projectile        Hex/Tloc       0%         N/A       100%        3
 Spider Form              Tmut/Pois      0%         N/A       100%        3
 Swiftness                Air            0%         N/A       100%        3
 Airstrike                Air            0%         N/A       100%        4
 Dispel Undead            Necr           0%         3d6       100%        4
 Blade Hands              Tmut           0%         N/A       100%        5
 Excruciating Wounds      Necr           0%         N/A       100%        5
 Storm Form               Tmut/Air       0%         N/A       100%        7
 Maxwell's Capacitive Co  Air            0%         ∞         100%        8
 Summon Lightning Spire   Summ/Air       Unusable   N/A       N/A         4
 Death Channel            Necr           Unusable   N/A       N/A         6

Dungeon Overview and Level Annotations

Branches:
Dungeon (11/15)            Temple (1/1) D:5            Lair (0/6) D:10
    Orc (0/2) D:9         Ossuary (visited)

Altars:
Ashenzari
Cheibriados
Dithmenos
Elyvilon
Fedhas
Gozag
Hepliaklqana
Kikubaaqudgha
Makhleb
Nemelex Xobeh
Okawaru
Qazlal
Ru
Sif Muna
Trog
Uskayaw
Vehumet
Wu Jian
Xom
Yredelemnul
Zin
The Shining One

Shops:
D:3 (   D:9 ?!

Annotations:
D:5 3 runed translucent doors, scottley's ghost, novice TrMo


Innate Abilities, Weirdness & Mutations

You are immune to sickness and miasma.
Your stone body is resilient. (AC +8)
You are immune to poison.
You resist negative energy. (rN+)
You are resistant to electric shocks. (rElec)
You are resistant to unholy torment.
You are immune to petrification.


Message History

The meliai stings you but does no damage.
You slice the meliai!! You freeze the meliai.
You kill the meliai!
Okawaru accepts your kill.
You gain the combat prowess of a mighty hero.
You closely miss the sky beast.
The sky beast flickers out of sight!
Deactivating autopickup; reactivate with Ctrl-A.
Something closely misses you.
You slash something! You freeze something. Something barely misses you.
You completely miss something. You barely miss something.
Something barely misses you.
You completely miss something. Something hits you but does no damage.
You barely miss something. Something hits you but does no damage.
You miss something. You closely miss something. Something closely misses you.
You closely miss something. Something hits you but does no damage.
You barely miss something. You slash something! You freeze something.
Okawaru accepts your kill.
Reactivating autopickup.
You feel a bit more experienced.
Your base Dodging skill increases to level 5!
Items here: ) [ ††.
Magic restored.
Something unseen opens the door.
The wraith hits you!
* * * LOW HITPOINT WARNING * * *
The wraith drains your vigour!
You feel yourself slow down.
You slice the wraith!! You freeze the wraith.
You destroy the wraith!
Okawaru accepts your kill.
You can now enter into single combat with a foe.
Okawaru will now gift you equipment as you gain piety.
You feel like a meek peon again.
A meliai comes into view. It is wielding a +0 broad axe.
You feel yourself speed up.
The meliai buzzes angrily.
The meliai invokes the aid of its god against you.
Something smites you!
You die...

...### #..##^#.#^##.#
##...# #..#.^#.#^.#.#
####'####..####'####.#
#....................#
#.......'....##.#.#..#
')......####....#.#.####
#.......# ###..........
####'#### ###..#####
#..# #@## #.## #y# #.#
#.# #.# #.# #.# #.# #
#.# #.# ###.###### ...
..(....... ...
###.######


You could see a meliai.

Vanquished Creatures
  Erolcha (D:10)
  2 two-headed ogres (D:10)
  A skeletal warrior (D:10)
  A cyclops (D:11)
  Joseph (D:8)
  A kobold demonologist (D:9)
  2 meliai (D:11)
  A meliai zombie (D:10)
  A shadow (D:10)
  A vampire (D:10)
  12 yaks
  A wraith (D:11)
  Grum (D:10)
  2 steam dragons
  2 wargs (D:10)
  Edmund (D:4)
  Duvessa (D:7)
  8 orc warriors
  3 ice beasts
  A sky beast (shapeshifter) (D:11)
  A hornet zombie (D:6)
  An ogre (D:6)
  A black bear (D:4)
  3 sky beasts
  A necrophage (D:6)
  3 wolves (D:10)
  10 centaurs
  A boggart (D:10)
  A phantom (D:6)
  4 kobold brigands
  2 bullfrogs
  A gnoll sergeant (D:11)
  A scorpion (D:5)
  A water moccasin zombie (D:5)
  Dowan (D:7)
  4 killer bees (D:10)
  3 wights (D:9)
  A howler monkey (D:10)
  6 centaur zombies
  A gnoll shaman (D:7)
  5 orc priests
  3 hounds
  A centaur skeleton (D:4)
  A bullfrog skeleton (D:6)
  2 jellies (D:7)
  2 iguanas
  11 orc wizards
  A scorpion zombie (D:5)
  A hound skeleton (D:5)
  12 mummies (Ossuary)
  9 gnolls
  6 adders
  A howler monkey skeleton (D:7)
  A white imp (D:6)
  An ufetubus (D:6)
  2 worms (D:2)
  3 dart slugs
  40 orcs
  7 ball pythons
  3 endoplasms
  5 giant cockroaches
  12 goblins
  7 hobgoblins
  3 quokkas
  4 bats
  4 frilled lizards
  4 gnoll skeletons (Ossuary)
  2 goblin skeletons (Ossuary)
  21 kobolds
  A kobold skeleton (Ossuary)
  An orc skeleton (Ossuary)
  9 rats
  11 rat skeletons (Ossuary)
287 creatures vanquished.

Notes
Turn   | Place    | Note
-------+----------+-------------------------------------------
     0 | D:1      | timneilson the Gargoyle Fighter began the quest for the
                  | Orb.
     0 | D:1      | Reached XP level 1. HP: 14/14 MP: 1/1
   202 | D:1      | Reached XP level 2. HP: 16/19 MP: 2/2
   322 | D:1      | Found a faded altar of an unknown god.
   869 | D:1      | Reached XP level 3. HP: 23/23 MP: 3/3
  2468 | D:3      | Reached XP level 4. HP: 28/28 MP: 4/4
  2833 | D:3      | Reached XP level 5. HP: 17/33 MP: 5/5
  3058 | D:3      | Reached skill level 1 in Dodging
  3105 | D:3      | Found Imemuis's Antique Weapon Emporium.
  3523 | D:4      | Found a sand-covered staircase.
  3528 | Ossuary  | Entered an ossuary
  4287 | Ossuary  | Reached XP level 6. HP: 21/38 MP: 6/6
  4772 | Ossuary  | Identified a scroll of acquirement
  4772 | Ossuary  | Acquired 782 gold pieces
  4988 | D:4      | Noticed a black bear
  5004 | D:4      | Killed a black bear
  5005 | D:4      | Reached skill level 5 in Armour
  5005 | D:4      | Reached skill level 5 in Shields
  5005 | D:4      | Reached XP level 7. HP: 27/43 MP: 7/7
  5360 | D:3      | Bought a pitted long sword for 204 gold pieces
  5360 | D:3      | Identified the +8 long sword of Resourcefulness {freeze,
                  | rPois} (You bought it in a shop on level 3 of the Dungeon)
  5360 | D:3      | Bought a runed long sword for 156 gold pieces
  5907 | D:4      | Noticed Edmund
  5925 | D:4      | Killed Edmund
  6052 | D:5      | Entered Level 5 of the Dungeon
  6234 | D:5      | Reached XP level 8. HP: 32/48 MP: 8/8
  6434 | D:5      | Found a runed translucent gate.
  6435 | D:5      | Found a runed translucent gate.
  6435 | D:5      | Noticed scottley's ghost (novice TrMo)
  6447 | D:5      | Found a runed translucent gate.
  6653 | D:5      | Found a staircase to the Ecumenical Temple.
  6663 | Temple   | Entered the Ecumenical Temple
  7066 | Temple   | Became a worshipper of Warmaster Okawaru
  7245 | D:6      | Reached skill level 5 in Fighting
  7538 | D:6      | Reached skill level 1 in Invocations
  7749 | D:6      | Reached skill level 5 in Long Blades
  7903 | D:6      | Identified the ring of Imibuh {rN+ Str+3 Dex+4}
  7943 | D:6      | Reached * piety under Okawaru
  8135 | D:6      | Reached XP level 9. HP: 54/54 MP: 10/10
  9102 | D:7      | Reached ** piety under Okawaru
  9343 | D:7      | Noticed Duvessa
  9343 | D:7      | Noticed Dowan
  9349 | D:7      | Killed Duvessa
  9366 | D:7      | Killed Dowan
  9688 | D:8      | Noticed Joseph
  9692 | D:8      | Killed Joseph
  9738 | D:8      | Reached XP level 10. HP: 51/60 MP: 12/12
 10258 | D:9      | Found Qiropp's Distillery.
 10314 | D:9      | Reached skill level 1 in Evocations
 10371 | D:9      | Reached *** piety under Okawaru
 10371 | D:9      | Noticed a kobold demonologist
 10377 | D:9      | Noticed an orange demon
 10382 | D:9      | Killed a kobold demonologist
 10396 | D:9      | Found Siuzar's Magic Scroll Boutique.
 10493 | D:9      | Found a staircase to the Orcish Mines.
 10575 | D:9      | Reached **** piety under Okawaru
 11352 | D:10     | Entered Level 10 of the Dungeon
 11414 | D:10     | Noticed Erolcha
 11426 | D:10     | Killed Erolcha
 11427 | D:10     | Reached XP level 11. HP: 18/66 MP: 11/14
 11485 | D:10     | HP: 1/67 [orc priest/divine providence (9)]
 12112 | D:10     | Found a white marble altar of Elyvilon.
 12232 | D:10     | Reached ***** piety under Okawaru
 12390 | D:10     | Noticed a two-headed ogre
 12396 | D:10     | Killed a two-headed ogre
 12425 | D:10     | Found a staircase to the Lair.
 12787 | D:10     | Noticed a skeletal warrior
 12791 | D:10     | Noticed a two-headed ogre
 12791 | D:10     | Identified the +4 longbow of Balance {venom, rPois rF- rN+
                  | Str+3} (Okawaru gifted it to you on level 10 of the
                  | Dungeon)
 12791 | D:10     | Received a gift from Okawaru
 12800 | D:10     | Reached skill level 5 in Invocations
 12809 | D:10     | Killed a skeletal warrior
 12817 | D:10     | Killed a two-headed ogre
 12818 | D:10     | Reached skill level 10 in Armour
 12818 | D:10     | Reached skill level 10 in Shields
 13027 | D:10     | Noticed Grum
 13037 | D:10     | Killed Grum
 13232 | D:11     | Noticed a cyclops
 13242 | D:11     | Killed a cyclops
 13396 | D:11     | Noticed an ogre mage
 13593 | D:11     | Reached skill level 5 in Dodging
 13622 | D:11     | Killed from afar by a meliai

Illustrated notes

Levels and vault maps discovered:
D:1:      heliophobic_arrival_glass_houses, layout_basic,
          ebering_ecumenical_altar_hall
D:2:      layout_rooms, grunt_ministairs_15
D:3:      layout_basic, serial_shops, shop, dk_vineyard_3
D:4:      layout_basic, enter_ossuary_2, fountainhead,
          roderic_cross_of_infinity, uniq_edmund
D:5:      layout_cave_pools, minmay_temple_entry_glassed_door,
          gammafunk_ghost_nasty_kobolds
D:6:      layout_cave_pods
D:7:      layout_loops_ring, st_stairs_2, uniq_duvessa
D:8:      layout_rooms, blue_anna_alchemist, uniq_joseph
D:9:      layout_small_grid, hiddenorc1_lemuel, serial_shops,
          nicolae_shop_trees, nicolae_stop_n_shop_1
D:10:     cheibrodos_barr_body, layout_basic,
          mainiacjoe_overflow_concentric_impassable, erik_lair_orcish_takeover,
          uniq_grum, uniq_erolcha
D:11:     layout_roguey, grunt_tough_drop
Temple:   mainiacjoe_temple_trianglar_array

Skill      XL: |  1  2  3  4  5  6  7  8  9 10 11 |
---------------+----------------------------------+-----
Long Blades    | 2 3 4 5 6 7 8 |  8.3
Armour         | 4 5 6 8 9 10 | 10.3
Shields        | 4 5 6 8 9 10 | 10.4
Dodging        | 1 2 3 4 5 |  5.0
Fighting       | 4 5 6 7 |  7.5
Invocations    | 1 3 4 5 |  5.5
Evocations     | 2 3 |  3.5

Action                   |  1- 3 |  4- 6 |  7- 9 | 10-12 || total
-------------------------+-------+-------+-------+-------++-------
Melee: Long sword        |   150 |   254 |   248 |   391 ||  1043
Invok: Heroism           |       |       |     1 |     8 ||     9
  Use: Scroll            |     3 |     5 |     5 |     5 ||    18
       Potion            |       |     1 |       |     3 ||     4
Armor: Scale mail        |    83 |   107 |   149 |       ||   339
       Chain mail        |       |       |    15 |   155 ||   170
       Plate armour      |       |       |       |    17 ||    17
Dodge: Dodged            |    60 |    91 |   138 |   326 ||   615
Block: Buckler           |    40 |    53 |    66 |   179 ||   338

Table legend: (Time is in decaauts)
 A = Elapsed time spent in this place.
 B = Non-inter-level travel time spent in this place.
 C = Inter-level travel time spent in this place.
 D = Time resting spent in this place.
 E = Time spent auto-exploring this place.
 F = Levels seen in this place.
 G = Mean time per level.
                   A        B        C        D        E       F      G
               +--------+--------+--------+--------+--------+-----+--------+
         Total |  13771 |  13401 |    370 |   1200 |   9755 |  13 | 1059.3 |
       Dungeon |  12060 |  11722 |    338 |    974 |   8547 |  11 | 1096.4 |
        Temple |    416 |    384 |     32 |      0 |    382 |   1 |  416.0 |
       Ossuary |   1294 |   1294 |      0 |    226 |    826 |   1 | 1294.0 |
               +--------+--------+--------+--------+--------+-----+--------+

Top non-repeatable levels by time:
     D:9: 1670 daAuts
     D:4: 1333 daAuts
     D:6: 1317 daAuts
     D:1: 1307 daAuts
    D:10: 1305 daAuts
     D:3: 1300 daAuts
 Ossuary: 1294 daAuts
     D:5: 988 daAuts
     D:7: 938 daAuts
     D:2: 938 daAuts
     D:8: 572 daAuts
  Temple: 416 daAuts
    D:11: 386 daAuts
